Inferno vs Mustangs
Created - April 25, 2019 at 23:44
Goals
|
| Inferno |
0 |
2 |
2 |
4 |
| Mustangs |
1 |
0 |
0 |
1 |
|
Shots
|
| Inferno |
10 |
17 |
7 |
34 |
| Mustangs |
12 |
10 |
5 |
27 |
|
1st period
1. Mustangs , Mark Pysyk 4 (Jerome Samson 19, Alexei Marchenko 31) at 12:47
Penalties :
Scott Mayfield (Ham) for Roughing (Minor) at 4:53
2nd period
2. Inferno , David Savard 9 (Tanner Pearson 52, Anders Lee 46) at 13:11 (PP)
3. Inferno , Philip Varone 24 (Matt Kassian 22, Christian Folin 43) at 14:51
Penalties :
David Savard (Anc) for Hooking (Minor) at 6:00, Melker Karlsson (Ham) for Hooking (Minor) at 11:55, Christian Folin (Anc) for Hooking (Minor) at 19:13
3rd period
4. Inferno , Victor Rask 15 (Anders Lee 47, Simon Danis-Pepin 15) at 1:18
5. Inferno , Christian Folin 14 (David Savard 43, Anders Lee 48) at 10:49 (PP)
Penalties :
Michael McCarron (Ham) for Holding (Minor) at 2:39, Stefan Matteau (Ham) for High sticking (Double Minor) at 10:31, Brady Skjei (Ham) for Hooking (Minor) at 16:33
Goalie Stats
Christopher Gibson (Anc), 26 saves from 27 shots - (0.963), W, 30-19-3, 60:00 minutes
Chet Pickard (Ham), 30 saves from 34 shots - (0.882), L, 32-18-5, 60:00 minutes
Players Stats for Inferno
Player Name G A P +/- PIM S H SB GA TA FO MP PP MP PK MP
------------------------------------------------------------------------------------
Anders Lee 0 3 3 0 0 2 2 0 0 0 13/22 17:15 5:06 0:52
Bryan Rust 0 0 0 0 0 1 0 0 1 1 0/0 14:00 0:00 2:23
Christian Folin 1 1 2 1 2 5 0 2 0 0 0/0 22:19 5:47 0:06
Colby Robak 0 0 0 -1 0 0 0 1 1 0 0/0 20:09 0:00 2:51
David Savard 1 1 2 -1 2 2 2 0 1 1 0/0 26:14 5:47 1:41
Esa Lindell 0 0 0 0 0 2 1 0 0 0 0/0 17:49 3:43 0:42
Greg Pateryn 0 0 0 1 0 0 0 1 0 0 0/0 13:35 0:00 1:07
Kyle Palmieri 0 0 0 0 0 3 4 0 0 1 0/1 18:21 4:10 0:00
Matt Kassian 0 1 1 1 0 3 1 1 1 1 0/0 14:46 0:00 0:43
Matthew Nieto 0 0 0 0 0 2 1 0 1 0 0/0 16:36 4:19 0:52
Oliver Bjorkstrand 0 0 0 0 0 0 0 0 0 0 0/0 11:55 5:03 0:00
Peter Cehlarik 0 0 0 0 0 0 0 0 0 2 0/0 7:06 0:09 0:00
Philip Varone 1 0 1 1 0 4 0 0 0 0 1/6 15:00 0:14 0:43
Simon Danis-Pepin 0 1 1 2 0 1 0 0 0 0 0/0 20:35 3:43 1:29
Tanner Pearson 0 1 1 0 0 5 2 0 1 0 0/0 19:09 5:02 0:00
Tyler Shattock 0 0 0 1 0 1 2 0 0 0 0/0 13:37 0:17 0:00
Victor Rask 1 0 1 0 0 1 1 1 0 0 1/3 11:06 4:10 0:00
Vladimir Sobotka 0 0 0 0 0 2 0 0 1 0 11/22 16:28 0:00 2:23
Players Stats for Mustangs
Player Name G A P +/- PIM S H SB GA TA FO MP PP MP PK MP
------------------------------------------------------------------------------------
Alexei Marchenko 0 1 1 1 0 4 2 2 0 0 0/0 20:11 1:30 3:58
Andrew Shaw 0 0 0 0 0 1 0 0 2 0 0/1 18:58 2:09 2:09
Brady Skjei 0 0 0 -1 2 4 1 1 0 0 0/0 25:25 2:28 4:37
Curtis Hamilton 0 0 0 0 0 1 0 0 0 0 0/0 9:43 0:05 0:00
Damon Severson 0 0 0 -1 0 1 3 0 0 1 0/0 26:23 2:28 5:50
Derek Joslin 0 0 0 -1 0 0 1 1 0 0 0/0 14:35 0:00 0:55
Jerome Samson 0 1 1 0 0 1 2 0 0 0 0/1 9:43 0:05 0:00
Jim O'Brien 0 0 0 0 0 0 3 1 0 1 2/3 17:31 1:44 3:01
Josh Jooris 0 0 0 0 0 3 2 1 0 0 0/1 18:32 1:44 5:19
Joshua Leivo 0 0 0 0 0 2 0 0 0 0 0/2 15:01 1:44 2:02
JT Compher 0 0 0 -1 0 2 0 0 0 0 0/0 10:45 0:00 0:00
Mark Pysyk 1 0 1 1 0 3 2 3 0 2 0/0 19:26 1:30 3:07
Melker Karlsson 0 0 0 0 2 2 0 0 2 0 20/35 20:02 2:09 4:42
Michael McCarron 0 0 0 0 2 0 3 0 0 0 1/4 9:24 0:00 0:00
Pascal Dupuis 0 0 0 -1 0 1 0 0 0 1 0/0 10:45 0:00 0:00
Scott Mayfield 0 0 0 -1 2 0 0 2 0 1 0/0 14:21 0:00 0:33
Stefan Matteau 0 0 0 -1 4 2 1 1 2 0 3/4 14:19 0:05 1:47
Teuvo Teravainen 0 0 0 0 0 0 1 0 0 1 2/3 15:21 2:09 0:00
3 Stars
1 - Anders Lee (Anc)
2 - Christopher Gibson (Anc)
3 - Christian Folin (Anc)
Power Play
Inferno - 2 on 6 Attempt(s) - 33.33%
Mustangs - 0 on 2 Attempt(s) - 0.00%
Penalty Kill
Inferno - 2 on 2 Attempt(s) - 100.00%
- Score 0 goal in Penalty Kill
Mustangs - 4 on 6 Attempt(s) - 66.67%
- Score 0 goal in Penalty Kill
Team Stat
Inferno - Hits : 16 - Faceoff Wins : 26 - Blocked Shots : 6 - Penalty Minutes : 4
Mustangs - Hits : 21 - Faceoff Wins : 28 - Blocked Shots : 12 - Penalty Minutes : 12
Official
Referees : Unknown
Linesman : Unknown
Game Notes
No Game Note
Finance
Level 1 -- Attendance: 1463 (73.15%) -- Ticket Income $58,520
Level 2 -- Attendance: 818 (81.80%) -- Ticket Income $16,360
Total Attendance: 2281 (76.03%)
Total Ticket Income: $74,880
Other Income: $3,744
Total Income: $78,624
Inferno
5 vs 5 Forward
Center Left Wing Right Wing Time % Phy DF OF
1 Vladimir Sobotka Tanner Pearson Kyle Palmieri 40 1 2 2
2 Anders Lee Matthew Nieto Bryan Rust 30 1 2 2
3 Philip Varone Matt Kassian Tyler Shattock 20 1 2 2
4 Victor Rask Peter Cehlarik Oliver Bjorkstrand 10 1 2 2
5 vs 5 Defense
Defense Defense Time % Phy DF OF
1 Colby Robak David Savard 40 1 2 2
2 Christian Folin Simon Danis-Pepin 30 1 2 2
3 Greg Pateryn Esa Lindell 20 1 2 2
4 Colby Robak David Savard 10 1 2 2
PowerPlay Forward
Center Left Wing Right Wing Time % Phy DF OF
1 Anders Lee Tanner Pearson Oliver Bjorkstrand 60 1 2 2
2 Victor Rask Matthew Nieto Kyle Palmieri 40 1 2 2
PowerPlay Defense
Defense Defense Time % Phy DF OF
1 Christian Folin David Savard 60 1 2 2
2 Esa Lindell Simon Danis-Pepin 40 1 2 2
Penalty Kill 4 Players Forward
Center Wing Time % Phy DF OF
1 Vladimir Sobotka Bryan Rust 60 1 2 2
2 Philip Varone Matt Kassian 40 1 2 2
Penalty Kill 4 Players Defense
Defense Defense Time % Phy DF OF
1 Colby Robak David Savard 60 1 2 2
2 Greg Pateryn Simon Danis-Pepin 40 1 2 2
Penalty Kill - 3 Players Forward
Forward Time % Phy DF OF
1 Vladimir Sobotka 60 1 2 2
2 Bryan Rust 40 1 2 2
Penalty Kill - 3 Players Defense
Defense Defense Time % Phy DF OF
1 Colby Robak David Savard 60 1 2 2
2 Greg Pateryn Simon Danis-Pepin 40 1 2 2
4 vs 4 Forward
Center Wing Time % Phy DF OF
1 Vladimir Sobotka Bryan Rust 60 1 2 2
2 Anders Lee Kyle Palmieri 40 1 2 2
4 vs 4 Defense
Defense Defense Time % Phy DF OF
1 Colby Robak David Savard 60 1 2 2
2 Christian Folin Simon Danis-Pepin 40 1 2 2
Last Minutes Offensive
Center Left Wing Right Wing Defense Defense
Vladimir Sobotka Tanner Pearson Kyle Palmieri Colby Robak David Savard
Last Minutes Defensive
Center Left Wing Right Wing Defense Defense
Vladimir Sobotka Tanner Pearson Bryan Rust Colby Robak David Savard
Goaltenders
Starting : Christopher Gibson
Backup : Michael Hutchinson
Extra Forwards
Normal : Bryan Rust, Matthew Nieto, Anders Lee - PP : Matthew Nieto, Oliver Bjorkstrand - PK : Bryan Rust
Extra Defensemen
Normal : Christian Folin, Esa Lindell, Greg Pateryn - PP : Esa Lindell - PK : Simon Danis-Pepin, Greg Pateryn
Penalty Shots
Kyle Palmieri, Vladimir Sobotka, Anders Lee, Tanner Pearson, Bryan Rust
Scratches
Chris Brown (Healthy), Frank Corrado (Healthy), Ryan Spooner (Healthy), Joakim Nordstrom (Healthy), Trevor Carrick (Healthy)
Petteri Lindbohm (Healthy), Daniil Tarasov (Healthy), Eric Karlsson (Healthy), John Gilmour (Healthy), Branden Troock (Healthy)
Vladimir Zharkov (Healthy), Mathieu Brodeur (Healthy), Nathan Lieuwen (Healthy)
Mustangs
5 vs 5 Forward
Center Left Wing Right Wing Time % Phy DF OF
1 Melker Karlsson Teuvo Teravainen Andrew Shaw 40 1 2 2
2 Jim O'Brien Joshua Leivo Josh Jooris 30 1 2 2
3 Stefan Matteau JT Compher Pascal Dupuis 20 1 2 2
4 Michael McCarron Curtis Hamilton Jerome Samson 10 1 2 2
5 vs 5 Defense
Defense Defense Time % Phy DF OF
1 Brady Skjei Damon Severson 44 1 2 2
2 Alexei Marchenko Mark Pysyk 33 1 2 2
3 Derek Joslin Scott Mayfield 23 1 2 2
4 Brady Skjei Damon Severson 0 1 2 2
PowerPlay Forward
Center Left Wing Right Wing Time % Phy DF OF
1 Melker Karlsson Teuvo Teravainen Andrew Shaw 60 1 2 2
2 Jim O'Brien Joshua Leivo Josh Jooris 40 1 2 2
PowerPlay Defense
Defense Defense Time % Phy DF OF
1 Brady Skjei Damon Severson 60 1 2 2
2 Alexei Marchenko Mark Pysyk 40 1 2 2
Penalty Kill 4 Players Forward
Center Wing Time % Phy DF OF
1 Melker Karlsson Josh Jooris 60 1 2 2
2 Jim O'Brien Andrew Shaw 40 1 2 2
Penalty Kill 4 Players Defense
Defense Defense Time % Phy DF OF
1 Brady Skjei Damon Severson 60 1 2 2
2 Alexei Marchenko Mark Pysyk 40 1 2 2
Penalty Kill - 3 Players Forward
Forward Time % Phy DF OF
1 Melker Karlsson 60 1 2 2
2 Jim O'Brien 40 1 2 2
Penalty Kill - 3 Players Defense
Defense Defense Time % Phy DF OF
1 Brady Skjei Damon Severson 60 1 2 2
2 Alexei Marchenko Mark Pysyk 40 1 2 2
4 vs 4 Forward
Center Wing Time % Phy DF OF
1 Melker Karlsson Teuvo Teravainen 60 1 2 2
2 Jim O'Brien Josh Jooris 40 1 2 2
4 vs 4 Defense
Defense Defense Time % Phy DF OF
1 Brady Skjei Damon Severson 60 1 2 2
2 Alexei Marchenko Mark Pysyk 40 1 2 2
Last Minutes Offensive
Center Left Wing Right Wing Defense Defense
Melker Karlsson Teuvo Teravainen Andrew Shaw Brady Skjei Damon Severson
Last Minutes Defensive
Center Left Wing Right Wing Defense Defense
Melker Karlsson Teuvo Teravainen Josh Jooris Brady Skjei Alexei Marchenko
Goaltenders
Starting : Chet Pickard
Backup : Joacim Eriksson
Extra Forwards
Normal : Melker Karlsson, Jim O'Brien, Stefan Matteau - PP : Teuvo Teravainen, Josh Jooris - PK : Josh Jooris
Extra Defensemen
Normal : Brady Skjei, Alexei Marchenko, Derek Joslin - PP : Brady Skjei - PK : Brady Skjei, Alexei Marchenko
Penalty Shots
Jim O'Brien, Teuvo Teravainen, Josh Jooris, Joshua Leivo, Stefan Matteau
Scratches
Ryan Graves (Healthy), Eric Knodel (Healthy), Matthew Finn (Healthy), Danny Biega (Healthy), Ben Harpur (Healthy)
Kurtis Gabriel (Healthy), Raphael Bussieres (Healthy), Dakota Mermis (Healthy), Sam Kurker (Healthy), Max Gortz (Healthy)
Riley Nash (Healthy), Francis Paré (Healthy), Anthony Stolarz (Healthy)
% Time on Ice - Inferno
Lines # - Real PCT - Wanted PCT - Time Play
Normal Forward
1 - 30% - 40% - 14:07
2 - 26% - 30% - 12:15
3 - 29% - 20% - 13:20
4 - 15% - 10% - 6:50
Normal Defense
1 - 40% - 40% - 18:39
2 - 33% - 30% - 15:23
3 - 24% - 20% - 10:57
4 - 3% - 10% - 1:33
PP Forward
1 - 56% - 60% - 5:20
2 - 44% - 40% - 4:10
PP Defense
1 - 61% - 60% - 5:47
2 - 39% - 40% - 3:43
PK Forward
1 - 82% - 60% - 3:15
2 - 18% - 40% - 0:43
PK Defense
1 - 89% - 60% - 3:33
2 - 11% - 40% - 0:25
PK3 Forward
1 - 0% - 60%
2 - 0% - 40%
PK3 Defense
1 - 0% - 60%
2 - 0% - 40%
44 Forward
1 - 0% - 60%
2 - 0% - 40%
44 Defense
1 - 0% - 60%
2 - 0% - 40%
Last Minute Offensive - 0:00
Last Minute Defensive - 0:00
Total
Forward - 60:00
Defense - 60:00
|
% Time on Ice - Mustangs
Lines # - Real PCT - Wanted PCT - Time Play
Normal Forward
1 - 29% - 40% - 13:40
2 - 27% - 30% - 12:43
3 - 23% - 20% - 10:45
4 - 20% - 10% - 9:24
Normal Defense
1 - 39% - 44% - 18:10
2 - 32% - 33% - 14:49
3 - 29% - 23% - 13:33
4 - 0% - 0% - 0:00
PP Forward
1 - 56% - 60% - 2:14
2 - 44% - 40% - 1:44
PP Defense
1 - 62% - 60% - 2:28
2 - 38% - 40% - 1:30
PK Forward
1 - 77% - 60% - 7:21
2 - 23% - 40% - 2:09
PK Defense
1 - 67% - 60% - 6:23
2 - 33% - 40% - 3:07
PK3 Forward
1 - 0% - 60%
2 - 0% - 40%
PK3 Defense
1 - 0% - 60%
2 - 0% - 40%
44 Forward
1 - 0% - 60%
2 - 0% - 40%
44 Defense
1 - 0% - 60%
2 - 0% - 40%
Last Minute Offensive - 0:00
Last Minute Defensive - 0:00
Total
Forward - 60:00
Defense - 60:00
|
Play-by-Play
1st period
0:01 of 1st period - Melker Karlsson wins face-off versus Vladimir Sobotka in neutral zone.
0:09 of 1st period - Wrist shot by Kyle Palmieri.
0:09 of 1st period - Stopped by Chet Pickard with a rebound.
0:11 of 1st period - Slapshot by Colby Robak.
0:11 of 1st period - Shot Misses the Net.
0:44 of 1st period - Slapshot by Damon Severson.
0:44 of 1st period - Deflect By JT Compher.
0:44 of 1st period - Stopped by Christopher Gibson with a rebound.
0:50 of 1st period - Brady Skjei is hit by Tyler Shattock and loses puck.
1:44 of 1st period - Wrist shot by Anders Lee.
1:44 of 1st period - Shot Blocked by Mark Pysyk.
2:11 of 1st period - Icing by Colby Robak.
2:12 of 1st period - Stefan Matteau wins face-off versus Philip Varone in Inferno zone.
2:13 of 1st period - Wrist shot by Pascal Dupuis.
2:13 of 1st period - Shot Misses the Net.
2:38 of 1st period - Wrist shot by Pascal Dupuis.
2:38 of 1st period - Stopped by Christopher Gibson with a rebound.
2:50 of 1st period - Wrist shot by Matt Kassian.
2:50 of 1st period - Shot Blocked by Scott Mayfield.
2:52 of 1st period - Slapshot by Philip Varone.
2:52 of 1st period - Stopped by Chet Pickard with a rebound.
2:54 of 1st period - Snap shot by Tyler Shattock.
2:54 of 1st period - Stopped by Chet Pickard without a rebound.
2:55 of 1st period - Vladimir Sobotka wins face-off versus Melker Karlsson in Mustangs zone.
3:25 of 1st period - Slapshot by Josh Jooris.
3:25 of 1st period - Stopped by Christopher Gibson with a rebound.
3:27 of 1st period - Slapshot by Josh Jooris.
3:27 of 1st period - Shot Blocked by Greg Pateryn.
3:29 of 1st period - Snap shot by Joshua Leivo.
3:29 of 1st period - Stopped by Christopher Gibson without a rebound.
3:30 of 1st period - Vladimir Sobotka wins face-off versus Jim O'Brien in Inferno zone.
3:30 of 1st period - Vladimir Sobotka is hit by Josh Jooris.
3:44 of 1st period - Snap shot by Vladimir Sobotka.
3:44 of 1st period - Shot Misses the Net.
3:46 of 1st period - Wrist shot by Kyle Palmieri.
3:46 of 1st period - Stopped by Chet Pickard with a rebound.
4:05 of 1st period - Snap shot by Matthew Nieto.
4:05 of 1st period - Shot Misses the Net.
4:53 of 1st period - Minor Penalty to Scott Mayfield for Roughing.
4:54 of 1st period - Melker Karlsson wins face-off versus Anders Lee in Mustangs zone.
5:04 of 1st period - Slapshot by Anders Lee.
5:04 of 1st period - Deflect By Tanner Pearson.
5:04 of 1st period - Shot Blocked by Brady Skjei.
5:04 of 1st period - Puck is out of play.
5:05 of 1st period - Melker Karlsson wins face-off versus Anders Lee in Mustangs zone.
5:40 of 1st period - Wrist shot by Matthew Nieto.
5:40 of 1st period - Shot Blocked by Jim O'Brien.
6:31 of 1st period - Joshua Leivo is hit by Kyle Palmieri and loses puck.
6:53 of 1st period - Penalty to Scott Mayfield is over, Scott Mayfield is back on ice.
8:04 of 1st period - Icing by Derek Joslin.
8:05 of 1st period - Anders Lee wins face-off versus Melker Karlsson in Mustangs zone.
8:06 of 1st period - Snap shot by Matthew Nieto.
8:06 of 1st period - Stopped by Chet Pickard without a rebound.
8:07 of 1st period - Anders Lee wins face-off versus Melker Karlsson in Mustangs zone.
8:34 of 1st period - David Savard is hit by Josh Jooris and loses puck.
8:45 of 1st period - Snap shot by Joshua Leivo.
8:45 of 1st period - Stopped by Christopher Gibson without a rebound.
8:46 of 1st period - Anders Lee wins face-off versus Joshua Leivo in Inferno zone.
8:55 of 1st period - Snap shot by Christian Folin.
8:55 of 1st period - Shot Misses the Net.
9:11 of 1st period - Slapshot by Josh Jooris.
9:11 of 1st period - Shot Misses the Net.
9:32 of 1st period - Snap shot by Brady Skjei.
9:32 of 1st period - Shot Misses the Net.
9:34 of 1st period - Slapshot by Damon Severson.
9:34 of 1st period - Shot Misses the Net.
9:36 of 1st period - Slapshot by Brady Skjei.
9:36 of 1st period - Deflect By David Savard.
9:36 of 1st period - Stopped by Christopher Gibson without a rebound.
9:37 of 1st period - Vladimir Sobotka wins face-off versus Michael McCarron in Inferno zone.
9:37 of 1st period - Vladimir Sobotka is hit by Jerome Samson.
11:08 of 1st period - Wrist shot by Pascal Dupuis.
11:08 of 1st period - Deflect By JT Compher.
11:08 of 1st period - Shot Misses the Net.
11:08 of 1st period - Puck is out of play.
11:09 of 1st period - Stefan Matteau wins face-off versus Philip Varone in Inferno zone.
11:12 of 1st period - Snap shot by Stefan Matteau.
11:12 of 1st period - Shot Hit the Post.
11:18 of 1st period - Snap shot by Stefan Matteau.
11:18 of 1st period - Deflect By JT Compher.
11:18 of 1st period - Shot Blocked by Colby Robak.
11:18 of 1st period - Puck is out of play.
11:19 of 1st period - Melker Karlsson wins face-off versus Vladimir Sobotka in Inferno zone.
11:22 of 1st period - Snap shot by Andrew Shaw.
11:22 of 1st period - Shot Misses the Net.
11:24 of 1st period - Snap shot by Melker Karlsson.
11:24 of 1st period - Deflect By Kyle Palmieri.
11:24 of 1st period - Stopped by Christopher Gibson without a rebound.
11:25 of 1st period - Teuvo Teravainen wins face-off versus Vladimir Sobotka in Inferno zone.
11:30 of 1st period - Snap shot by Andrew Shaw.
11:30 of 1st period - Stopped by Christopher Gibson without a rebound.
11:31 of 1st period - Vladimir Sobotka wins face-off versus Melker Karlsson in Inferno zone.
12:03 of 1st period - Slapshot by Brady Skjei.
12:03 of 1st period - Stopped by Christopher Gibson with a rebound.
12:27 of 1st period - Wrist shot by Stefan Matteau.
12:27 of 1st period - Stopped by Christopher Gibson with a rebound.
12:47 of 1st period - Wrist shot by Mark Pysyk.
12:47 of 1st period - Goal by Mark Pysyk - Inferno : 0 - Mustangs : 1.
12:48 of 1st period - Melker Karlsson wins face-off versus Vladimir Sobotka in neutral zone.
13:29 of 1st period - Snap shot by Matthew Nieto.
13:29 of 1st period - Shot Blocked by Josh Jooris.
14:00 of 1st period - Simon Danis-Pepin is hit by Michael McCarron and loses puck.
14:19 of 1st period - Snap shot by Vladimir Sobotka.
14:19 of 1st period - Stopped by Chet Pickard without a rebound.
14:20 of 1st period - Vladimir Sobotka wins face-off versus Melker Karlsson in Mustangs zone.
14:46 of 1st period - Mark Pysyk is hit by David Savard and loses puck.
14:51 of 1st period - Wrist shot by Anders Lee.
14:51 of 1st period - Stopped by Chet Pickard with a rebound.
14:59 of 1st period - Snap shot by Matthew Nieto.
14:59 of 1st period - Shot Blocked by Mark Pysyk.
15:13 of 1st period - Wrist shot by Stefan Matteau.
15:13 of 1st period - Shot Misses the Net.
15:55 of 1st period - Snap shot by Melker Karlsson.
15:55 of 1st period - Shot Misses the Net.
16:34 of 1st period - JT Compher is hit by Kyle Palmieri and loses puck.
17:01 of 1st period - Scott Mayfield is hit by Tanner Pearson and loses puck.
17:06 of 1st period - Slapshot by Kyle Palmieri.
17:06 of 1st period - Shot Hit the Post.
17:08 of 1st period - Snap shot by Kyle Palmieri.
17:08 of 1st period - Shot Blocked by Scott Mayfield.
17:20 of 1st period - Snap shot by Vladimir Sobotka.
17:20 of 1st period - Stopped by Chet Pickard with a rebound.
17:22 of 1st period - Slapshot by Vladimir Sobotka.
17:22 of 1st period - Shot Misses the Net.
17:30 of 1st period - Slapshot by Pascal Dupuis.
17:30 of 1st period - Shot Blocked by Christian Folin.
17:32 of 1st period - Wrist shot by Derek Joslin.
17:32 of 1st period - Shot Misses the Net.
17:56 of 1st period - Wrist shot by Stefan Matteau.
17:56 of 1st period - Shot Hit the Post.
18:02 of 1st period - Slapshot by Tanner Pearson.
18:02 of 1st period - Stopped by Chet Pickard with a rebound.
18:04 of 1st period - Snap shot by Kyle Palmieri.
18:04 of 1st period - Shot Hit the Post.
18:06 of 1st period - Slapshot by Tanner Pearson.
18:06 of 1st period - Stopped by Chet Pickard without a rebound.
18:07 of 1st period - Melker Karlsson wins face-off versus Anders Lee in Mustangs zone.
18:12 of 1st period - Wrist shot by Melker Karlsson.
18:12 of 1st period - Shot Misses the Net.
18:58 of 1st period - Wrist shot by Michael McCarron.
18:58 of 1st period - Shot Misses the Net.
19:00 of 1st period - Snap shot by Damon Severson.
19:00 of 1st period - Stopped by Christopher Gibson without a rebound.
19:01 of 1st period - Victor Rask wins face-off versus Michael McCarron in Inferno zone.
19:01 of 1st period - Victor Rask is hit by Michael McCarron.
19:26 of 1st period - Wrist shot by Victor Rask.
19:26 of 1st period - Deflect By Oliver Bjorkstrand.
19:26 of 1st period - Shot Misses the Net.
19:26 of 1st period - Puck is out of play.
19:27 of 1st period - Anders Lee wins face-off versus Melker Karlsson in Mustangs zone.
19:34 of 1st period - Wrist shot by Anders Lee.
19:34 of 1st period - Shot Misses the Net.
19:36 of 1st period - Backhand shot by Colby Robak.
19:36 of 1st period - Deflect By Matthew Nieto.
19:36 of 1st period - Shot Misses the Net.
19:36 of 1st period - Puck is out of play.
19:37 of 1st period - Anders Lee wins face-off versus Teuvo Teravainen in Mustangs zone.
19:59 of 1st period - Slapshot by David Savard.
19:59 of 1st period - Shot Misses the Net.
Goals for this period are 0 for Inferno vs 1 for Mustangs.
Shots for this period are 10 for Inferno vs 12 for Mustangs.
2nd period
0:01 of 2nd period - Vladimir Sobotka wins face-off versus Melker Karlsson in neutral zone.
0:11 of 2nd period - Off-side.
0:12 of 2nd period - Melker Karlsson wins face-off versus Anders Lee in neutral zone.
0:37 of 2nd period - Kyle Palmieri is hit by Brady Skjei and loses puck.
0:46 of 2nd period - Wrist shot by Tanner Pearson.
0:46 of 2nd period - Stopped by Chet Pickard with a rebound.
1:08 of 2nd period - Wrist shot by Victor Rask.
1:08 of 2nd period - Shot Misses the Net.
1:10 of 2nd period - Slapshot by Christian Folin.
1:10 of 2nd period - Stopped by Chet Pickard with a rebound.
1:20 of 2nd period - Slapshot by Matthew Nieto.
1:20 of 2nd period - Shot Misses the Net.
1:22 of 2nd period - Snap shot by Anders Lee.
1:22 of 2nd period - Shot Misses the Net.
1:24 of 2nd period - Backhand shot by David Savard.
1:24 of 2nd period - Deflect By Matthew Nieto.
1:24 of 2nd period - Stopped by Chet Pickard without a rebound.
1:25 of 2nd period - Anders Lee wins face-off versus Melker Karlsson in Mustangs zone.
1:30 of 2nd period - Wrist shot by Bryan Rust.
1:30 of 2nd period - Stopped by Chet Pickard with a rebound.
1:58 of 2nd period - Icing by Greg Pateryn.
1:59 of 2nd period - Philip Varone wins face-off versus Joshua Leivo in Inferno zone.
2:25 of 2nd period - Snap shot by Philip Varone.
2:25 of 2nd period - Shot Misses the Net.
2:27 of 2nd period - Wrist shot by Philip Varone.
2:27 of 2nd period - Shot Blocked by Derek Joslin.
2:57 of 2nd period - Wrist shot by Matt Kassian.
2:57 of 2nd period - Stopped by Chet Pickard without a rebound.
2:58 of 2nd period - Melker Karlsson wins face-off versus Kyle Palmieri in Mustangs zone.
3:10 of 2nd period - Andrew Shaw is hit by Tanner Pearson and loses puck.
3:30 of 2nd period - David Savard is hit by Mark Pysyk and loses puck.
3:54 of 2nd period - Snap shot by Christian Folin.
3:54 of 2nd period - Stopped by Chet Pickard with a rebound.
4:04 of 2nd period - Snap shot by Mark Pysyk.
4:04 of 2nd period - Stopped by Christopher Gibson with a rebound.
4:06 of 2nd period - Slapshot by Alexei Marchenko.
4:06 of 2nd period - Shot Misses the Net.
4:08 of 2nd period - Slapshot by Jerome Samson.
4:08 of 2nd period - Stopped by Christopher Gibson with a rebound.
4:10 of 2nd period - Snap shot by Alexei Marchenko.
4:10 of 2nd period - Stopped by Christopher Gibson with a rebound.
4:24 of 2nd period - Snap shot by Jerome Samson.
4:24 of 2nd period - Deflect By Curtis Hamilton.
4:24 of 2nd period - Stopped by Christopher Gibson with a rebound.
4:26 of 2nd period - Wrist shot by Mark Pysyk.
4:26 of 2nd period - Deflect By Christian Folin.
4:26 of 2nd period - Stopped by Christopher Gibson with a rebound.
4:28 of 2nd period - Slapshot by Alexei Marchenko.
4:28 of 2nd period - Stopped by Christopher Gibson with a rebound.
4:30 of 2nd period - Slapshot by Alexei Marchenko.
4:30 of 2nd period - Deflect By Christian Folin.
4:30 of 2nd period - Stopped by Christopher Gibson with a rebound.
4:32 of 2nd period - Slapshot by Alexei Marchenko.
4:32 of 2nd period - Stopped by Christopher Gibson without a rebound.
4:33 of 2nd period - Melker Karlsson wins face-off versus Vladimir Sobotka in Inferno zone.
4:48 of 2nd period - Snap shot by Andrew Shaw.
4:48 of 2nd period - Shot Misses the Net.
5:29 of 2nd period - Pascal Dupuis is hit by Tyler Shattock and loses puck.
6:00 of 2nd period - Minor Penalty to David Savard for Hooking.
6:01 of 2nd period - Vladimir Sobotka wins face-off versus Melker Karlsson in Inferno zone.
6:01 of 2nd period - Vladimir Sobotka is hit by Teuvo Teravainen.
6:28 of 2nd period - Vladimir Sobotka is hit by Jim O'Brien.
7:33 of 2nd period - Esa Lindell is hit by Damon Severson and loses puck.
8:00 of 2nd period - Penalty to David Savard is over, David Savard is back on ice.
8:02 of 2nd period - Snap shot by Stefan Matteau.
8:02 of 2nd period - Shot Misses the Net.
8:42 of 2nd period - Snap shot by David Savard.
8:42 of 2nd period - Stopped by Chet Pickard without a rebound.
8:43 of 2nd period - Vladimir Sobotka wins face-off versus Michael McCarron in Mustangs zone.
8:52 of 2nd period - Wrist shot by Kyle Palmieri.
8:52 of 2nd period - Deflect By Tanner Pearson.
8:52 of 2nd period - Shot Blocked by Alexei Marchenko.
8:52 of 2nd period - Puck is out of play.
8:53 of 2nd period - Vladimir Sobotka wins face-off versus Jerome Samson in Mustangs zone.
9:02 of 2nd period - Snap shot by Kyle Palmieri.
9:02 of 2nd period - Stopped by Chet Pickard with a rebound.
9:04 of 2nd period - Wrist shot by Vladimir Sobotka.
9:04 of 2nd period - Deflect By Tanner Pearson.
9:04 of 2nd period - Stopped by Chet Pickard without a rebound.
9:05 of 2nd period - Teuvo Teravainen wins face-off versus Vladimir Sobotka in Mustangs zone.
9:30 of 2nd period - Anders Lee is hit by Jim O'Brien and loses puck.
11:17 of 2nd period - Slapshot by Joshua Leivo.
11:17 of 2nd period - Shot Blocked by Matt Kassian.
11:19 of 2nd period - Wrist shot by Josh Jooris.
11:19 of 2nd period - Stopped by Christopher Gibson without a rebound.
11:20 of 2nd period - Melker Karlsson wins face-off versus Philip Varone in Inferno zone.
11:34 of 2nd period - Colby Robak is hit by Damon Severson and loses puck.
11:41 of 2nd period - Snap shot by Philip Varone.
11:41 of 2nd period - Stopped by Chet Pickard with a rebound.
11:43 of 2nd period - Snap shot by Matt Kassian.
11:43 of 2nd period - Shot Misses the Net.
11:55 of 2nd period - Minor Penalty to Melker Karlsson for Hooking.
11:56 of 2nd period - Stefan Matteau wins face-off versus Anders Lee in Mustangs zone.
11:56 of 2nd period - Stefan Matteau is hit by Anders Lee.
12:32 of 2nd period - Off-side.
12:33 of 2nd period - Jim O'Brien wins face-off versus Victor Rask in neutral zone.
13:00 of 2nd period - Josh Jooris is hit by Kyle Palmieri and loses puck.
13:05 of 2nd period - Slapshot by Christian Folin.
13:05 of 2nd period - Deflect By Mark Pysyk.
13:05 of 2nd period - Stopped by Chet Pickard with a rebound.
13:07 of 2nd period - Backhand shot by Christian Folin.
13:07 of 2nd period - Deflect By Kyle Palmieri.
13:07 of 2nd period - Shot Misses the Net.
13:07 of 2nd period - Puck is out of play.
13:08 of 2nd period - Anders Lee wins face-off versus Stefan Matteau in Mustangs zone.
13:09 of 2nd period - Backhand shot by Tanner Pearson.
13:09 of 2nd period - Shot Misses the Net.
13:11 of 2nd period - Slapshot by David Savard.
13:11 of 2nd period - Goal by David Savard - Inferno : 1 - Mustangs : 1.
13:12 of 2nd period - Melker Karlsson wins face-off versus Vladimir Sobotka in neutral zone.
13:43 of 2nd period - Damon Severson is hit by Matthew Nieto and loses puck.
13:59 of 2nd period - Off-side.
14:00 of 2nd period - Michael McCarron wins face-off versus Philip Varone in neutral zone.
14:39 of 2nd period - Wrist shot by Matt Kassian.
14:39 of 2nd period - Stopped by Chet Pickard with a rebound.
14:51 of 2nd period - Snap shot by Philip Varone.
14:51 of 2nd period - Goal by Philip Varone - Inferno : 2 - Mustangs : 1.
14:52 of 2nd period - Melker Karlsson wins face-off versus Vladimir Sobotka in neutral zone.
15:53 of 2nd period - Snap shot by Matt Kassian.
15:53 of 2nd period - Shot Misses the Net.
17:03 of 2nd period - Alexei Marchenko is hit by Anders Lee and loses puck.
17:16 of 2nd period - Slapshot by Philip Varone.
17:16 of 2nd period - Shot Blocked by Stefan Matteau.
17:28 of 2nd period - Slapshot by Matt Kassian.
17:28 of 2nd period - Stopped by Chet Pickard with a rebound.
18:03 of 2nd period - Snap shot by Tanner Pearson.
18:03 of 2nd period - Stopped by Chet Pickard with a rebound.
18:05 of 2nd period - Slapshot by Simon Danis-Pepin.
18:05 of 2nd period - Stopped by Chet Pickard without a rebound.
18:06 of 2nd period - Anders Lee wins face-off versus Melker Karlsson in Mustangs zone.
18:44 of 2nd period - Wrist shot by Jim O'Brien.
18:44 of 2nd period - Shot Misses the Net.
18:54 of 2nd period - Philip Varone is hit by Alexei Marchenko and loses puck.
19:13 of 2nd period - Minor Penalty to Christian Folin for Hooking.
19:14 of 2nd period - Vladimir Sobotka wins face-off versus Andrew Shaw in Inferno zone.
19:27 of 2nd period - Wrist shot by Melker Karlsson.
19:27 of 2nd period - Stopped by Christopher Gibson with a rebound.
Goals for this period are 2 for Inferno vs 0 for Mustangs.
Shots for this period are 17 for Inferno vs 10 for Mustangs.
3rd period
0:01 of 3rd period - Vladimir Sobotka wins face-off versus Melker Karlsson in neutral zone.
0:14 of 3rd period - Slapshot by Brady Skjei.
0:14 of 3rd period - Stopped by Christopher Gibson with a rebound.
0:36 of 3rd period - Wrist shot by Josh Jooris.
0:36 of 3rd period - Shot Misses the Net.
1:13 of 3rd period - Penalty to Christian Folin is over, Christian Folin is back on ice.
1:18 of 3rd period - Snap shot by Victor Rask.
1:18 of 3rd period - Goal by Victor Rask - Inferno : 3 - Mustangs : 1.
1:19 of 3rd period - Melker Karlsson wins face-off versus Vladimir Sobotka in neutral zone.
1:54 of 3rd period - Wrist shot by Philip Varone.
1:54 of 3rd period - Stopped by Chet Pickard without a rebound.
1:55 of 3rd period - Jim O'Brien wins face-off versus Vladimir Sobotka in Mustangs zone.
2:39 of 3rd period - Minor Penalty to Michael McCarron for Holding.
2:40 of 3rd period - Melker Karlsson wins face-off versus Anders Lee in Mustangs zone.
4:02 of 3rd period - Matthew Nieto is hit by Damon Severson and loses puck.
4:39 of 3rd period - Penalty to Michael McCarron is over, Michael McCarron is back on ice.
5:45 of 3rd period - Icing by Matthew Nieto.
5:46 of 3rd period - Melker Karlsson wins face-off versus Anders Lee in Inferno zone.
5:55 of 3rd period - Wrist shot by Anders Lee.
5:55 of 3rd period - Shot Blocked by Mark Pysyk.
6:09 of 3rd period - Colby Robak is hit by Alexei Marchenko and loses puck.
6:19 of 3rd period - Vladimir Sobotka is hit by Mark Pysyk and loses puck.
6:30 of 3rd period - Slapshot by Brady Skjei.
6:30 of 3rd period - Stopped by Christopher Gibson with a rebound.
6:55 of 3rd period - Slapshot by Brady Skjei.
6:55 of 3rd period - Shot Misses the Net.
6:59 of 3rd period - Snap shot by Jerome Samson.
6:59 of 3rd period - Shot Misses the Net.
7:11 of 3rd period - Scott Mayfield is hit by Kyle Palmieri.
7:29 of 3rd period - Victor Rask is hit by Derek Joslin.
7:33 of 3rd period - Pascal Dupuis is hit by Victor Rask and loses puck.
8:13 of 3rd period - Bryan Rust is hit by Jerome Samson and loses puck.
8:26 of 3rd period - Slapshot by Esa Lindell.
8:26 of 3rd period - Stopped by Chet Pickard without a rebound.
8:27 of 3rd period - Melker Karlsson wins face-off versus Philip Varone in Mustangs zone.
9:00 of 3rd period - Wrist shot by Josh Jooris.
9:00 of 3rd period - Stopped by Christopher Gibson without a rebound.
9:01 of 3rd period - Anders Lee wins face-off versus Melker Karlsson in Inferno zone.
9:34 of 3rd period - Wrist shot by Stefan Matteau.
9:34 of 3rd period - Stopped by Christopher Gibson without a rebound.
9:35 of 3rd period - Melker Karlsson wins face-off versus Vladimir Sobotka in Inferno zone.
10:20 of 3rd period - Wrist shot by Victor Rask.
10:20 of 3rd period - Shot Hit the Post.
10:22 of 3rd period - Slapshot by Esa Lindell.
10:22 of 3rd period - Stopped by Chet Pickard with a rebound.
10:31 of 3rd period - Double Minor Penalty to Stefan Matteau for High sticking.
10:32 of 3rd period - Anders Lee wins face-off versus Melker Karlsson in Mustangs zone.
10:32 of 3rd period - Backhand shot by Christian Folin.
10:32 of 3rd period - Stopped by Chet Pickard without a rebound.
10:33 of 3rd period - Melker Karlsson wins face-off versus Anders Lee in Mustangs zone.
10:39 of 3rd period - Icing by David Savard.
10:40 of 3rd period - Anders Lee wins face-off versus Melker Karlsson in Inferno zone.
10:49 of 3rd period - Slapshot by Christian Folin.
10:49 of 3rd period - Goal by Christian Folin - Inferno : 4 - Mustangs : 1.
10:50 of 3rd period - Anders Lee wins face-off versus Josh Jooris in neutral zone.
12:31 of 3rd period - Icing by Christian Folin.
12:32 of 3rd period - Melker Karlsson wins face-off versus Victor Rask in Inferno zone.
12:49 of 3rd period - Penalty to Stefan Matteau is over, Stefan Matteau is back on ice.
12:59 of 3rd period - JT Compher is hit by Esa Lindell and loses puck.
14:14 of 3rd period - Wrist shot by Anders Lee.
14:14 of 3rd period - Stopped by Chet Pickard with a rebound.
15:59 of 3rd period - Slapshot by Mark Pysyk.
15:59 of 3rd period - Shot Blocked by Victor Rask.
16:01 of 3rd period - Snap shot by JT Compher.
16:01 of 3rd period - Stopped by Christopher Gibson with a rebound.
16:22 of 3rd period - Esa Lindell is hit by Michael McCarron and loses puck.
16:33 of 3rd period - Minor Penalty to Brady Skjei for Hooking.
16:34 of 3rd period - Anders Lee wins face-off versus Melker Karlsson in Mustangs zone.
16:37 of 3rd period - Wrist shot by Tanner Pearson.
16:37 of 3rd period - Shot Blocked by Alexei Marchenko.
16:39 of 3rd period - Snap shot by Oliver Bjorkstrand.
16:39 of 3rd period - Deflect By Josh Jooris.
16:39 of 3rd period - Shot Misses the Net.
16:39 of 3rd period - Puck is out of play.
16:40 of 3rd period - Melker Karlsson wins face-off versus Anders Lee in Mustangs zone.
18:33 of 3rd period - Penalty to Brady Skjei is over, Brady Skjei is back on ice.
18:36 of 3rd period - Andrew Shaw is hit by Matt Kassian and loses puck.
18:43 of 3rd period - Philip Varone is hit by Jim O'Brien and loses puck.
18:56 of 3rd period - Philip Varone is hit by Stefan Matteau and loses puck.
19:17 of 3rd period - Slapshot by Jim O'Brien.
19:17 of 3rd period - Shot Misses the Net.
19:25 of 3rd period - Wrist shot by Andrew Shaw.
19:25 of 3rd period - Shot Blocked by Christian Folin.
19:39 of 3rd period - Stefan Matteau is hit by David Savard and loses puck.
Goals for this period are 2 for Inferno vs 0 for Mustangs.
Shots for this period are 7 for Inferno vs 5 for Mustangs.
Back to the Top